Map: Dusk Towers

Players

TuuSAmo - Winner!

  • Race: Zerg Zerg

viral

  • Race: Terran Terran
  • League: Bronze

VOD

Have the link to the VOD?

Description

Time

  • Played on: Nov. 21, 2015, 11:38 p.m.
  • Length: 9:00
Show
View Real Time Build Order
Export as new Build Order

TuuSAmo Zerg - Winner!

Build Orders: Pool First 

Get SALT Encoding   

  12  0:02  Drone  
  13  0:12  Drone  
  14  0:17  Overlord  
  14  0:35  Drone x2  
  15  0:42  Drone  
  17  0:47  Spawning Pool  
  16  0:50  Drone  
  17  1:15  Hatchery  
  17  1:17  Drone  
  17  1:18  Drone  
  18  1:20  Extractor  
  18  1:25  Drone  
  18  1:35  Queen  
  18  1:37  Zergling x2  
  21  1:52  Drone  
  22  1:55  Overlord  
  22  2:25  Metabolic Boost  
  22  2:26  Zergling x2  
  22  2:27  Zergling x4  
  25  2:32  Hatchery  
  24  2:52  Drone x2  
  25  2:58  Baneling Nest  
  25  2:59  Drone x2  
  25  3:00  Drone, Extractor  
  26  3:05  Drone  
  26  3:06  Drone x2  
  29  3:19  Queen  
  31  3:29  Drone x3  
  31  3:30  Drone  
  35  3:36  Lair  
  35  3:40  Zergling x2  
  36  3:43  Overlord  
  36  3:49  Drone  
  36  3:51  Drone  
  38  3:56  Drone x2  
  40  4:15  Roach Warren  
  39  4:17  Queen  
  39  4:21  Drone  
  42  4:25  Drone x3  
  45  4:32  Drone x3  
  45  4:36  Zergling x4  
  50  4:40  Overlord x3  
  50  4:49  Extractor  
  50  4:50  Extractor  
  48  4:53  Centrifical Hooks  
  48  4:56  Roach  
  50  5:04  Overlord x2  
  50  5:18  Roach x5  
  50  5:19  Roach  
  62  5:22  Drone  
  62  5:23  Drone x2  
  64  5:36  Zergling x2  
  64  5:37  Zergling x10  
  70  5:47  Drone  
  70  5:48  Evolution Chamber  
  70  5:49  Drone x3  
  74  5:50  Evolution Chamber, Drone x3  
  75  5:58  Ravager  
  75  5:59  Ravager x4  
  75  6:04  Zergling x2  
  81  6:06  Overlord x2  
  81  6:07  Overlord  
  81  6:21  Zerg Ground Armor Level 1  
  81  6:22  Zerg Melee Weapons Level 1  
  76  6:35  Zergling x12  
  76  6:36  Zergling x10  
  76  6:38  Drone  
  84  6:52  Burrow  
  84  7:02  Roach x3  
  84  7:03  Spire, Roach x3  
  79  7:28  Overlord x2  
  79  7:30  Overseer x2  
  79  7:34  Roach  
  79  7:35  Roach x4, Zergling x2  
  79  7:36  Zergling x16  
  98  7:52  Pneumatized Carapace  
  98  8:02  Ravager x2  
  98  8:05  Baneling x2  
  100  8:12  Drone x3  
Show
View Real Time Build Order
Export as new Build Order

viral Terran 

Build Orders:  

Get SALT Encoding   

  12  0:05  SCV  
  13  0:18  SCV  
  14  0:30  SCV  
  15  0:35  Supply Depot  
  15  0:38  Refinery  
  15  0:57  Supply Depot  
  15  0:59  Barracks  
  15  1:09  SCV  
  16  1:21  SCV  
  17  1:33  SCV  
  18  1:45  SCV  
  19  1:51  Reaper  
  20  1:57  SCV  
  21  2:05  Command Center  
  21  2:11  Orbital Command  
  21  2:23  Reaper  
  21  2:24  Refinery  
  22  3:16  Barracks Reactor  
  22  3:21  Factory  
  22  3:31  SCV  
  23  3:44  SCV  
  24  3:50  Orbital Command  
  24  3:54  Marine  
  24  3:55  Marine  
  26  3:56  SCV  
  27  4:08  SCV  
  28  4:12  Marine  
  28  4:13  Marine  
  30  4:20  SCV  
  31  4:27  Factory Tech Lab  
  31  4:30  Marine x2  
  33  4:32  SCV  
  33  4:37  SCV  
  35  4:40  Supply Depot  
  35  4:44  SCV  
  36  4:48  Marine x2  
  36  4:49  SCV  
  39  4:56  SCV  
  39  4:59  Starport  
  40  5:01  SCV  
  40  5:04  Widow Mine  
  40  5:06  Marine x2  
  45  5:08  SCV  
  45  5:13  SCV  
  47  5:14  Refinery x2  
  47  5:20  SCV  
  48  5:23  Marine  
  48  5:24  Marine  
  48  5:25  SCV  
  49  5:32  SCV, Widow Mine  
  48  5:36  Supply Depot  
  48  5:38  SCV  
  48  5:41  Marine  
  48  5:42  Marine  
  49  5:45  SCV  
  48  5:50  SCV  
  48  5:54  Starport Reactor  
  48  5:55  Supply Depot  
  50  5:57  SCV  
  50  6:01  Widow Mine  
  52  6:18  Marine  
  52  6:19  Marine  
  54  6:29  Widow Mine  
  56  6:36  Marine  
  56  6:37  Marine  
  58  6:54  Marine x2  
  58  6:58  Siege Tank  
  63  7:03  Medivac x2  
  67  7:12  Marine x2  
  57  7:30  Marine x2  
  57  7:31  Siege Tank  
  62  7:47  Marine  
  62  7:48  Marine  
  64  8:03  Siege Tank  
  66  8:09  Marine  
  66  8:10  Marine  
  68  8:22  Supply Depot  
  68  8:23  Supply Depot x2  
  68  8:27  Marine  
  68  8:28  Marine  
Tags
 
League
Bronze
Matchup
TvZ
Opening
Pool First
Replay Pack
My Games so far
Add a new tag
Caveats
  • Supply blocks, unpowered buildings, or Contaminate may cause inaccurate times.
  • Supply counts are checked every 10 seconds.